 Dungeon Crawl Stone Soup version 0.31-a0-931-g7b59d4eb97 (webtiles) character file.

Game seed: 3398707554083084552

439416 BinkBink the Imperceptible (level 22, -11/125 HPs)
             Began as a Spriggan Fighter on Oct 19, 2023.
             Was the Champion of Jiyva.
             Mangled by Vv (25 damage)
             ... on level 3 of the Crypt.
             The game lasted 02:27:45 (45795 turns).

BinkBink the Imperceptible (Spriggan Fighter)      Turns: 45795, Time: 02:27:47

Health: -11/125    AC: 10    Str: 15    XL:     22   Next: 68%
Magic:  23/23      EV: 51    Int: 14    God:    Jiyva [******]
Gold:   3704       SH: 18    Dex: 31    Spells: 21/21 levels left

rFire   + . .        a - +3 demon blade of Capital Punishment {vamp, rPois Dex+3}
rCold   . . .        s - +3 buckler
rNeg    + + .        X - melded +1 robe of Vines {NoPotionHeal Regen++++}
rPois   +            F - +2 hat
rElec   +            G - scarf of Let Cisi {repulsion, Rampage}
rCorr   +            (gloves unavailable)
SInv    +            (boots unavailable)
Will    +++..        p - amulet of reflection Stlth *+++++++++
                     W - ring "Fohaotud" {rF+ rN+ Slay+4 Stlth+}
HPRegen 2.00/turn    S - ring "Utiypn" {rElec rF- rN+ AC+4 Dex+6}
MPRegen 0.68/turn

%: repel missiles, reflection, clarity, rampage
@: maw-form, studying Staves, very quick
A: devouring maw, very small, no large weapons, unfitting armour, see invisible,
speed 3, beak, iridescent scales 1, clarity, clever 1, fire resistance 1,
mutation resistance 2, strong 1, acidic bite, gelatinous body 2, translucent
skin 2, MP-powered wands, engulf
}: 3/15 runes: decaying, serpentine, slimy
a: Begin Untransformation, Renounce Religion, Oozemancy, Slimify


You were on level 3 of the Crypt.
You worshipped Jiyva.
Jiyva was exalted by your worship.
You were a creature with a mouth for a stomach.
You visited 10 branches of the dungeon, and saw 47 of its levels.
You also visited: Gauntlet, Ice Cave, Volcano and Wizlab.

You collected 4563 gold pieces.
You spent 859 gold pieces at shops.

Inventory:

Hand Weapons
 a - the +3 demon blade of Capital Punishment (weapon) {vamp, rPois Dex+3}
   (You acquired it in a wizard's laboratory)

   Dex+3:     It affects your dexterity (+3).
   rPois:     It protects you from poison
 i - a +9 long sword of flaming
Missiles
 P - 3 throwing nets
Armour
 s - a +3 buckler (worn)
 F - a +2 hat (worn)
 G - the scarf of Let Cisi (worn) {repulsion, Rampage}
   (You found it on level 3 of the Elven Halls)

   Rampage:   It bestows one free step when moving towards enemies.
 X - the +1 robe of Vines (melded) {NoPotionHeal Regen++++}
   (You found it on level 5 of the Pits of Slime)

   NoPotionHeal: Its wearer cannot be healed by potions.
   Regen++++: It increases your rate of health regeneration.
Jewellery
 b - the ring of Qari {+Blink rC+ AC+4}
   (You took it off a deep elf pyromancer on level 3 of the Elven Halls)

   [ring of protection]

   AC+4:      It affects your AC (+4).
   rC+:       It protects you from cold.
   +Blink:    It lets you blink.
 o - a +4 ring of protection
 p - an amulet of reflection (around neck)
 B - a ring of willpower
 I - an amulet of regeneration
 M - the ring "Acolaumm" {Ice rN+}
   (You found it in a Gauntlet)

   [ring of ice]

   Ice:       It enhances your ice magic.
   rF-:       It makes you vulnerable to fire.
   rC+:       It protects you from cold.
   rN+:       It protects you from negative energy.
 R - the ring of Emuhee {Fire rPois Str-4 Dex+4 SInv}
   (You found it on level 13 of the Dungeon)

   [ring of fire]

   Fire:      It enhances your fire magic.
   Str-4:     It affects your strength (-4).
   Dex+4:     It affects your dexterity (+4).
   rF+:       It protects you from fire.
   rC-:       It makes you vulnerable to cold.
   rPois:     It protects you from poison SInv: It lets you see invisible.
 S - the ring "Utiypn" (right hand) {rElec rF- rN+ AC+4 Dex+6}
   (You found it on level 13 of the Dungeon)

   [ring of protection]

   AC+4:      It affects your AC (+4).
   Dex+6:     It affects your dexterity (+6).
   rF-:       It makes you vulnerable to fire.
   rElec:     It insulates you from electricity.
   rN+:       It protects you from negative energy.
 W - the ring "Fohaotud" (left hand) {rF+ rN+ Slay+4 Stlth+}
   (You took it off a deep elf sorcerer on level 3 of the Elven Halls)

   [ring of slaying]

   Slay+4:    It affects your accuracy & damage with ranged weapons and melee
   (+4).
   rF+:       It protects you from fire.
   rN+:       It protects you from negative energy.
   Stlth+:    It makes you more stealthy.
Talismans
 v - a maw talisman (active)
 E - a dragon-blood talisman
 H - a blade talisman
 Z - a serpent talisman
Wands
 m - a wand of mindburst (46)
 n - a wand of flame (98)
 x - a wand of paralysis (19)
 y - a wand of roots (56)
 z - a wand of polymorph (13)
 O - a wand of digging (23)
 U - a wand of light (17)
Scrolls
 g - 7 scrolls of amnesia
 h - 14 scrolls of teleportation
 k - 4 scrolls of poison
 l - a scroll of blinking
 C - 3 scrolls of enchant armour
 D - 9 scrolls of identify
 J - 5 scrolls of revelation
 Q - a scroll of immolation
 T - 3 scrolls of enchant weapon
 V - 6 scrolls of fog
Potions
 c - 7 potions of might
 d - 6 potions of cancellation
 e - 3 potions of haste
 f - 4 potions of brilliance
 j - 10 potions of curing
 q - 3 potions of lignification
 r - a potion of invisibility
 t - 6 potions of enlightenment
 u - a potion of resistance
 w - 7 potions of mutation
 A - 2 potions of magic
 K - a potion of berserk rage
 L - a potion of attraction
 N - 2 potions of ambrosia


   Skills:
 + Level 16.5 Fighting
 + Level 14.9 Long Blades
 + Level 22.3 Dodging
 + Level 22.7 Stealth
 + Level 13.6 Shields
 + Level 8.9 Unarmed Combat
 - Level 19.0 Shapeshifting


You had 21 spell levels left.
You didn't know any spells.
Your spell library contained the following spells:

 Spells                   Type           Power      Damage    Failure   Level
 Apportation              Tloc           0%         N/A       32%         1
 Necrotise                Necr           0%         1d4       32%         1
 Shock                    Conj/Air       0%         1d3       32%         1
 Summon Small Mammal      Summ           0%         N/A       32%         1
 Blink                    Tloc           0%         N/A       45%         2
 Cigotuvi's Dreadful Rot  Necr/Pois/Air  0%         N/A       45%         2
 Ensorcelled Hibernation  Hex/Ice        0%         N/A       45%         2
 Jinxbite                 Hex            0%         N/A       45%         2
 Poisonous Vapours        Pois/Air       0%         N/A       45%         2
 Call Canine Familiar     Summ           0%         N/A       69%         3
 Dazzling Flash           Conj/Hex       0%         N/A       69%         3
 Hailstorm                Conj/Ice       0%         3d3       69%         3
 Summon Guardian Golem    Hex/Summ       0%         N/A       69%         3
 Swiftness                Air            0%         N/A       69%         3
 Teleport Other           Tloc           0%         N/A       69%         3
 Vampiric Draining        Necr           0%         2d6       69%         3
 Volatile Blastmotes      Fire/Tloc      0%         2d10      69%         3
 Airstrike                Air            0%         2d(0-16)  97%         4
 Anguish                  Hex/Necr       0%         N/A       97%         4
 Cause Fear               Hex            0%         N/A       97%         4
 Dimensional Bullseye     Hex/Tloc       0%         N/A       97%         4
 Dispel Undead            Necr           0%         3d6       97%         4
 Fulminant Prism          Conj/Hex       0%         3d5       97%         4
 Iskenderun's Mystic Bla  Conj/Tloc      0%         2d3       97%         4
 Leda's Liquefaction      Hex/Erth       0%         N/A       97%         4
 Manifold Assault         Tloc           0%         N/A       97%         4
 Olgreb's Toxic Radiance  Pois           0%         N/A       97%         4
 Passage of Golubria      Tloc           0%         N/A       97%         4
 Summon Lightning Spire   Summ/Air       0%         N/A       97%         4
 Vhi's Electric Charge    Tloc/Air       0%         N/A       97%         4
 Agony                    Necr           0%         N/A       100%        5
 Arcjolt                  Conj/Air       0%         1d10      100%        5
 Fireball                 Conj/Fire      0%         3d3       100%        5
 Iskenderun's Battlesphe  Conj           0%         2d6       100%        5
 Lee's Rapid Deconstruct  Erth           0%         3d4*      100%        5
 Silence                  Hex/Air        0%         N/A       100%        5
 Summon Forest            Summ/Tloc      0%         N/A       100%        5
 Bombard                  Conj/Erth      0%         9d1       100%        6
 Conjure Ball Lightning   Conj/Air       0%         3x3d6     100%        6
 Death Channel            Necr           0%         N/A       100%        6
 Dispersal                Tloc           0%         N/A       100%        6
 Eringya's Noxious Bog    Tmut/Pois      0%         4d6       100%        6
 Plasma Beam              Fire/Air       0%         2x1d10    100%        6
 Malign Gateway           Summ/Tloc      0%         N/A       100%        7
 Spellforged Servitor     Conj/Summ      0%         N/A       100%        7
 Discord                  Hex            0%         N/A       100%        8
 Disjunction              Tloc           0%         N/A       100%        8
 Ignition                 Fire           0%         3d3       100%        8
 Dragon's Call            Summ           0%         N/A       100%        9
 Fire Storm               Conj/Fire      0%         5d1       100%        9


Dungeon Overview and Level Annotations

Branches:
Dungeon (15/15)            Temple (1/1) D:7            Lair (5/5) D:9
  Swamp (4/4) Lair:2        Snake (4/4) Lair:2        Slime (5/5) Lair:4
    Orc (2/2) D:12            Elf (3/3) Orc:2        Vaults (5/5) D:14
  Crypt (3/3) Vaults:2       Tomb (0/3) Crypt:3      Depths (0/4) D:15
  IceCv (visited)         Volcano (visited)          WizLab (visited)
Gauntlet (visited)

Altars:
Ashenzari
Cheibriados
Dithmenos
Elyvilon
Fedhas
Gozag
Hepliaklqana
Kikubaaqudgha
Makhleb
Nemelex Xobeh
Okawaru
Qazlal
Ru
Sif Muna
Trog
Uskayaw
Vehumet
Wu Jian
Xom
Yredelemnul
Zin
The Shining One
Jiyva

Shops:
D:4 [!   D:5 :   D:12 ?   Orc:1 :   Orc:2 (!?[?[   Elf:1 [   Snake:2 :
Vaults:1 ?   Vaults:4 (=:=?[

Portals:
Trove: D:11 (give +3 gold dragon scales)

Annotations:
Swamp:1 3 runed translucent doors, Anosu's ghost, adept FoFi; Pimul's ghost, adept GrBe
Snake:3 1 runed translucent door
Slime:5 Royal Jelly
Elf:1 3 runed translucent doors, Loit's ghost, adept GrFi
Crypt:3 Vv


Innate Abilities, Weirdness & Mutations

You are a creature with a mouth for a stomach.
Your midsection houses a second, enormous mouth.
You are very small and have problems with some larger weapons.
You are too small for most types of armour.
You have supernaturally acute eyesight. (SInv)
You cover ground extremely quickly. (Speed+++)
You have a beak for a mouth.
You are partially covered in iridescent scales. (AC +2)
You possess an exceptional clarity of mind.
Your mind is acute. (Int +4, Str/Dex -1)
Your flesh is heat resistant. (rF+)
You are somewhat resistant to both further mutation and mutation removal.
Your muscles are strong. (Str +4, Int/Dex -1)
You have acidic saliva.
Your pliable body absorbs attacks. (AC +2, EV +2)
Your translucent skin reduces your foes' accuracy. (Stealth+)
You expend magic power (3 MP) to strengthen your wands.
Your melee attacks may engulf your foes in ooze.


Message History

Vv is almost destroyed.
Vv completely misses you. x2
You hit Vv but do no damage. You peck Vv, but do no damage.
You bite Vv, but do no damage.
Vv is almost destroyed.
You hit Vv. You peck Vv, but do no damage. You bite Vv!
Vv is almost destroyed.
Vv completely misses you. Vv hits you.
You are engulfed in flames!
You resist.
You slash Vv! Your peck misses Vv. You bite Vv, but do no damage. You bite Vv.
Vv is almost destroyed.
You hit Vv but do no damage. You peck Vv, but do no damage.
Your bite misses Vv.
Vv is almost destroyed.
Vv completely misses you. You block Vv's attack.
You closely miss Vv. You peck Vv, but do no damage.
You bite Vv, but do no damage.
Vv is almost destroyed.
Vv completely misses you. x2
You hit Vv but do no damage. You peck Vv, but do no damage.
You bite Vv, but do no damage.
Vv is almost destroyed.
Vv completely misses you. x2
You hit Vv but do no damage. You peck Vv, but do no damage.
You bite Vv, but do no damage.
Vv is almost destroyed.
You hear a distant slurping noise.
You barely miss Vv. Your peck misses Vv. You bite Vv!
Vv is almost destroyed.
Vv completely misses you. Vv hits you!!
You are engulfed in flames!!
You resist.
You hit Vv but do no damage. Your peck misses Vv.
You bite Vv, but do no damage.
Vv is almost destroyed.
You hit Vv but do no damage. Your peck misses Vv. Your bite misses Vv.
Vv is almost destroyed.
Vv hits you! Vv freezes you!!!
* * * LOW HITPOINT WARNING * * *
You shudder from the blow and a jelly pops out!
Vv hits you!!
You die...

##########.....###.#...#.#
...............'.#.#####.#
...............###.......#
.......[.......'.#.......#
..#######).....###.......#
.##.....'#.....'.#.......#
.##.....##########.<.....#
.##..|..##.......9.......#
..#######.......W........#
.................J.......#
.........................#
.........................#
##################..####.#
....................# #.#
.......########.....# #.#
.......# #.....# #.#
.......# #.....# #.#


You could see Vv (ally target) and a friendly rockslime (summoned).

Vanquished Creatures
  Saint Roka (Vaults:2)
  Vashnia (Snake:2)
  3 bone dragons
  A Tzitzimitl (Crypt:3)
  2 doom hounds (Crypt:3)
  Jorgrun (Elf:1)
  Mlioglotl (Snake:2)
  A shard shrike skeleton (Crypt:3)
  3 deep elf blademasters
  A deep elf master archer (Elf:3)
  A sphinx (Vaults:4)
  2 liches
  Grunn (Crypt:3)
  8 ancient champions (Crypt:3)
  Gastronok (Lair:2)
  An eldritch tentacle (WizLab)
  A thorn hunter (Swamp:4)
  A tentacled starspawn (WizLab)
  Donald (Elf:1)
  Aizul (Snake:3)
  A fenstrider witch (Swamp:3)
  A shadow dragon (Vaults:4)
  6 nagarajas
  3 frost giants (Vaults:4)
  3 curse skulls
  7 deep elf sorcerers
  12 vault wardens
  4 deep elf elementalists
  2 orc warlords (Vaults:3)
  15 ghouls
  5 reapers
  A juggernaut skeleton (Crypt:1)
  A war gargoyle (Vaults:4)
  3 caustic shrike skeletons (Crypt:3)
  13 ironbound preservers
  6 ironbound thunderhulks
  A putrid mouth (Crypt:2)
  8 deep elf demonologists
  3 vampire knights
  2 eleionomae (Swamp:4)
  6 bunyips
  A red draconian (Volcano)
  11 dire elephants
  2 minotaurs
  7 deep elf annihilators (Elf:3)
  An eidolon (Crypt:1)
  Snorg (Lair:3)
  6 deep elf death magi
  6 jiangshi (Crypt:1)
  An ettin (D:15)
  2 shambling mangroves
  8 yaktaur captains
  Josephine (Orc:1)
  3 ogre magi
  9 deep elf high priests
  2 entropy weavers
  10 hydras
  2 salamander tyrants (Snake:4)
  12 vault guards
  A peacekeeper (Vaults:1)
  18 centaur warriors
  5 ironbound frosthearts
  4 boulder beetles
  2 catoblepae (Lair:5)
  8 anacondas
  2 death knights
  3 naga warriors
  7 alligators
  10 two-headed ogres
  26 dancing weapons
  3 spriggan skeletons (Crypt:3)
  3 tengu warriors (D:15)
  The ghost of Nedwor the Slicer, a novice DsGl of Uskayaw (D:8)
  4 vampire magi
  8 shock serpents
  A hell knight (WizLab)
  4 thrashing horrors (WizLab)
  Nergalle (D:11)
  11 death yaks
  3 orc high priests (Elf:1)
  10 naga sharpshooters
  A sun demon (WizLab)
  4 titan skeletons (Crypt:3)
  An emperor scorpion zombie (Crypt:1)
  3 soul eaters
  A spectral bunyip (Swamp:4)
  2 shadow wraiths
  The ghost of Zlot the Protected, a novice GrFi of Gozag (D:8)
  6 salamander mystics
  A sixfirhy (WizLab)
  21 deep elf knights
  Amaemon (Lair:1)
  An anaconda zombie (Crypt:1)
  The ghost of Zigma the Ruffian, a novice DrSh of Yredelemnul (D:8)
  6 arcanists
  28 skeletal warriors
  2 spriggan druids
  A death drake (WizLab)
  3 swamp dragons
  7 goliath frogs
  34 deep trolls
  2 spark wasp zombies
  A flayed ghost (Crypt:2)
  13 deep elf archers
  8 naga ritualists
  A spectral hydra (Swamp:4)
  14 bog bodies
  7 phantasmal warriors
  7 orc knights
  An obsidian statue (WizLab)
  A bunyip skeleton (Crypt:1)
  10 lindwurms
  An anaconda skeleton (Crypt:1)
  A shadow dragon zombie (Crypt:2)
  3 occultists
  12 ironbound convokers
  29 deep elf pyromancers
  28 deep elf zephyrmancers
  A broodmother zombie (Crypt:2)
  5 necromancers
  4 alligator zombies (Swamp:4)
  A wolf spider (Gauntlet)
  13 mana vipers
  A frost giant zombie (Crypt:2)
  3 orc sorcerers
  A shadow dragon skeleton (Crypt:3)
  2 will-o-the-wisps
  16 ugly things
  3 manticores
  20 elephants
  15 salamanders
  A worldbinder (WizLab)
  27 black mambas
  5 guardian serpents
  A smoke demon (WizLab)
  7 cyclopes
  15 vault sentinels
  2 torpor snails
  5 stone giant skeletons
  10 naga magi
  An orange demon (Lair:2)
  2 naga zombies (Crypt:1)
  A gargoyle (D:8)
  2 ice statues (IceCv)
  4 centaur skeletons (Crypt:3)
  12 cane toads
  An unseen horror (D:7)
  A rime drake (Lair:5)
  A tormentor (Crypt:3)
  4 swamp worm zombies
  A dire elephant skeleton (Crypt:3)
  An efreet (WizLab)
  2 freezing wraiths
  12 komodo dragons
  A purple draconian skeleton (Crypt:2)
  2 kobold demonologists (D:10)
  33 yaktaurs
  An anaconda simulacrum (IceCv)
  2 hydra zombies (Swamp:4)
  4 ice devils (IceCv)
  2 unseen horror skeletons
  8 trolls
  A minotaur skeleton (Crypt:3)
  A wolf spider simulacrum (Gauntlet)
  A harpy zombie (Crypt:1)
  A bloated husk (Swamp:2)
  2 polar bears (Lair:5)
  8 tyrant leeches
  A guardian serpent zombie (Crypt:1)
  A large abomination (WizLab)
  2 spectral swamp dragons (Swamp:4)
  3 harpy skeletons
  12 blink frogs
  21 hornets
  2 ettin zombies (Crypt:1)
  A stone giant simulacrum (Crypt:1)
  5 dream sheep
  4 shadows
  5 water elementals
  3 centaur simulacra (Gauntlet)
  2 ettin skeletons (Crypt:3)
  11 wraiths
  14 spriggans
  5 air elementals
  5 wyverns
  A vampire (D:14)
  46 yaks
  2 fire elementals
  2 redbacks (Gauntlet)
  4 basilisks
  A black mamba skeleton (Crypt:3)
  A death yak simulacrum (IceCv)
  A steam dragon (D:8)
  24 vampire mosquitoes
  2 harpy simulacra
  13 swamp worms
  6 spatial vortices (WizLab)
  2 wargs (Orc:1)
  An acid dragon (D:11)
  38 nagas
  19 water moccasins
  A cane toad zombie (Crypt:1)
  3 hell hounds (WizLab)
  16 orc warriors
  A faun skeleton (Crypt:3)
  An ice beast (D:5)
  A sky beast (D:8)
  5 swamp dragon zombies (Swamp:4)
  20 ogres
  6 wolves
  A boggart (WizLab)
  A phantom (Swamp:4)
  13 centaurs
  A snapping turtle skeleton (Crypt:3)
  A swamp dragon skeleton (Crypt:3)
  5 kobold brigands
  5 necrophages
  2 gnoll sergeants
  3 scorpions
  A cyclops zombie (Crypt:3)
  10 bullfrogs
  5 earth elementals
  2 cane toad simulacra (IceCv)
  A two-headed ogre simulacrum (IceCv)
  17 wights
  A wyvern skeleton (Crypt:1)
  3 killer bees (D:11)
  An elephant simulacrum (IceCv)
  8 electric eels
  2 lava snakes (Lair:2)
  3 howler monkeys
  A crimson imp (D:3)
  Crazy Yiuf (D:6)
  4 hounds
  15 orc priests
  2 gnoll boudas (D:5)
  3 iguanas
  2 spectral swamp drakes (Swamp:4)
  Natasha (twice) (D:4)
  A hell rat (Lair:5)
  26 orc wizards
  A boggart skeleton (Crypt:3)
  4 spriggan simulacra (IceCv)
  A wolf simulacrum (IceCv)
  A deep dwarf zombie (Crypt:3)
  A naga skeleton (Crypt:2)
  25 gnolls
  A naga simulacrum (IceCv)
  7 adders
  3 swamp drake zombies (Swamp:4)
  A shadow imp (D:6)
  17 white imps
  4 ufetubi
  An adder skeleton (Crypt:2)
  A worm (D:2)
  4 dart slugs
  53 orcs
  2 bats
  An endoplasm (D:1)
  2 giant cockroaches
  13 goblins
  8 hobgoblins
  2 quokkas
  4 ball pythons
  A ball python zombie (Crypt:2)
  6 frilled lizards
  26 kobolds
  A kobold skeleton (Crypt:1)
  2 rats (D:3)
1540 creatures vanquished.

Vanquished Creatures (collateral kills)
  Mara (Snake:4)
  Nikola (Snake:4)
  A Tzitzimitl (Crypt:2)
  Rupert (Lair:3)
  A deep elf master archer (Elf:3)
  A nagaraja (Snake:4)
  A reaper (IceCv)
  A dire elephant (Lair:5)
  A minotaur (D:13)
  An eidolon (Crypt:3)
  A yaktaur captain (Vaults:1)
  A vault guard (Vaults:1)
  A hydra (Lair:2)
  3 ironbound frosthearts
  A catoblepas (Lair:5)
  4 boulder beetles
  2 two-headed ogres (Orc:2)
  9 death yaks
  2 dancing weapons
  A naga sharpshooter (Snake:2)
  4 deep elf knights (Elf:2)
  A salamander mystic (Snake:4)
  Sonja (D:10)
  An iron troll (Orc:2)
  A lindwurm (Lair:5)
  3 orc knights (Vaults:3)
  2 deep elf zephyrmancers (Elf:3)
  2 ironbound convokers
  A will-o-the-wisp (Lair:2)
  A cyclops (D:11)
  A salamander (Snake:4)
  2 elephants (Lair:5)
  Maurice (D:11)
  A black mamba (Lair:5)
  A vault sentinel (Vaults:3)
  2 cane toads
  3 yaktaurs
  An ice devil (IceCv)
  A komodo dragon (Lair:5)
  2 trolls (Orc:2)
  2 tyrant leeches (Lair:2)
  2 hornets (Swamp:3)
  An air elemental (Elf:2)
  A dire elephant simulacrum (IceCv)
  2 spriggans (Swamp:3)
  5 yaks (Lair:5)
  2 death yak simulacra (IceCv)
  3 nagas (Snake:4)
  2 water moccasins
  An acid dragon (D:12)
  An orc warrior (Orc:2)
  A black bear (D:7)
  2 ogres (Orc:2)
  A kobold brigand (D:7)
  A bullfrog (D:7)
  2 orc priests (D:7)
  An orc wizard (D:7)
  A white imp (IceCv)
  2 orcs (D:7)
  2 kobolds (D:7)
102 creatures vanquished.

Vanquished Creatures (others)
  A deep elf sorcerer (Elf:3)
  2 formless jellyfish
  An ironbound preserver (Vaults:3)
  An ironbound thunderhulk (Vaults:2)
  A deep elf demonologist (Elf:3)
  A deep elf death mage (Elf:2)
  3 great orbs of eyes
  An entropy weaver (Vaults:2)
  A ghost crab (Swamp:4)
  5 centaur warriors (Vaults:2)
  A two-headed ogre (Orc:2)
  A naga warrior (Snake:4)
  A glowing orange brain (Vaults:4)
  2 deep elf knights
  A salamander mystic (Snake:4)
  An arcanist (Vaults:4)
  3 deep trolls (Vaults:1)
  A phantasmal warrior (Swamp:4)
  A deep elf zephyrmancer (Elf:2)
  3 deep elf pyromancers
  A will-o-the-wisp (Swamp:1)
  A naga mage (Snake:4)
  4 vault sentinels
  A guardian serpent (Snake:4)
  Jeremiah (D:6)
  A troll (D:12)
  7 bloated husks
  A blink frog (Lair:5)
  29 slime creatures
  A large abomination (WizLab)
  A wraith (Orc:1)
  A yak (D:10)
  A basilisk (D:15)
  3 vampire mosquitoes (D:12)
  3 nagas (Snake:4)
  A warg (Orc:1)
  A water moccasin (Lair:4)
  A black bear (D:7)
  A boggart (WizLab)
  2 phantoms (Swamp:4)
  A bullfrog (Lair:1)
  2 scorpions (D:5)
  155 jellies
  Natasha (D:4)
  An iguana (D:5)
  7 gnolls
  A naga simulacrum (IceCv)
  A white imp (IceCv)
  6 orcs
  2 ball pythons
  7 endoplasms
  3 training dummies (Orc:2)
  A giant cockroach zombie (Crypt:2)
  8 foxfires
  2 starspawn tentacles (WizLab)
292 creatures vanquished.

Grand Total: 1934 creatures vanquished

Notes
Turn   | Place    | Note
-------+----------+-------------------------------------------
     0 | D:1      | BinkBink the Spriggan Fighter began the quest for the Orb.
     0 | D:1      | Reached XP level 1. HP: 11/11 MP: 2/2
   277 | D:1      | Reached XP level 2. HP: 11/16 MP: 3/3
   340 | D:1      | Got Iskenderun's Vellum of the Robin
   542 | D:1      | Found a faded altar of an unknown god.
   625 | D:1      | Prayed at the altar of an unknown god.
   625 | D:1      | Became a worshipper of Jiyva Jotaicy the Shapeless
   625 | D:1      | Reached * piety under Jiyva
   760 | D:2      | Reached XP level 3. HP: 13/19 MP: 4/4
   923 | D:2      | Reached ** piety under Jiyva
  1162 | D:3      | Reached XP level 4. HP: 24/24 MP: 5/5
  1327 | D:3      | Reached skill level 1 in Long Blades
  1376 | D:3      | Reached *** piety under Jiyva
  1567 | D:3      | Gained mutation: Your mind is acute. (Int +4, Str/Dex -1)
                  | [Jiyva's grace]
  1567 | D:3      | Gained mutation: Your mind is very acute. (Int +8, Str/Dex
                  | -2) [Jiyva's grace]
  1567 | D:3      | Gained mutation: You have a pair of small horns on your
                  | head. [Jiyva's grace]
  1567 | D:3      | Gained mutation: You have a pair of horns on your head.
                  | [Jiyva's grace]
  1603 | D:3      | Found a radiant altar of Vehumet.
  1604 | D:3      | Found a burning altar of Makhleb.
  1612 | D:3      | Reached XP level 5. HP: 17/28 MP: 6/6
  1973 | D:4      | Reached skill level 5 in Dodging
  2042 | D:4      | Found Zoziruil's Armour Boutique.
  2057 | D:4      | Found Fysaor's Distillery.
  2092 | D:4      | Bought a potion of curing for 33 gold pieces
  2130 | D:4      | Noticed Natasha
  2137 | D:4      | Killed Natasha
  2139 | D:4      | Reached **** piety under Jiyva
  2142 | D:4      | Identified the +0 cloak "Waerushro" {Fly}
  2157 | D:4      | Reached XP level 6. HP: 33/33 MP: 7/7
  2203 | D:4      | Noticed Natasha
  2209 | D:4      | Killed Natasha
  2238 | D:4      | Killed Natasha
  2350 | D:5      | Entered Level 5 of the Dungeon
  2579 | D:5      | Reached XP level 7. HP: 36/38 MP: 8/8
  2650 | D:5      | Found Aroamom's Vocational Training.
  2779 | D:5      | Found an ornate altar of the Wu Jian Council.
  2899 | D:5      | Reached skill level 5 in Fighting
  2931 | D:5      | Reached XP level 8. HP: 34/44 MP: 9/9
  3013 | D:5      | Reached ***** piety under Jiyva
  3076 | D:6      | Noticed Jeremiah
  3327 | D:6      | Found a runed translucent door.
  3328 | D:6      | Noticed Crazy Yiuf
  3383 | D:6      | Identified the +2 leather armour of Sif Muna's Respect
                  | {rN+}
  3691 | D:6      | Killed Jeremiah
  3692 | D:6      | Reached XP level 9. HP: 44/49 MP: 10/10
  3838 | D:6      | Found a sparkling altar of Nemelex Xobeh.
  4067 | D:7      | Found a broken altar of Ashenzari.
  4374 | D:7      | Noticed an unseen horror
  4430 | D:7      | Killed an unseen horror
  4431 | D:7      | Reached skill level 5 in Shields
  4493 | D:7      | Found an opulent altar of Gozag.
  4523 | D:7      | Found a staircase to the Ecumenical Temple.
  4554 | D:7      | Reached skill level 5 in Long Blades
  4580 | D:7      | Found a hazy altar of Hepliaklqana.
  4972 | D:8      | Lost mutation: You have a pair of horns on your head.
                  | [Jiyva's grace]
  4972 | D:8      | Lost mutation: Your mind is very acute. (Int +8, Str/Dex
                  | -2) [Jiyva's grace]
  4972 | D:8      | Gained mutation: You are covered in slimy tendrils that may
                  | disarm your opponents. [Jiyva's grace]
  4972 | D:8      | Gained mutation: Your translucent skin slightly reduces
                  | your foes' accuracy. (Stealth+) [Jiyva's grace]
  4972 | D:8      | Gained mutation: Your translucent skin reduces your foes'
                  | accuracy. (Stealth+) [Jiyva's grace]
  4972 | D:8      | Gained mutation: Your transparent skin significantly
                  | reduces your foes' accuracy. (Stealth+) [Jiyva's grace]
  5048 | D:8      | Reached XP level 10. HP: 56/56 MP: 11/11
  5364 | D:8      | Found a runed translucent gate.
  5364 | D:8      | Found a runed translucent gate.
  5364 | D:8      | Found a runed translucent gate.
  5599 | D:8      | Found an ancient bone altar of Kikubaaqudgha.
  5818 | D:8      | Reached skill level 1 in Shapeshifting
  5866 | D:8      | Noticed Zlot's ghost (novice GrFi)
  5866 | D:8      | Noticed Nedwor's ghost (novice DsGl)
  5867 | D:8      | Noticed Zigma's ghost (novice DrSh)
  5955 | D:8      | Noticed a gargoyle
  5974 | D:8      | Killed a gargoyle
  6279 | D:9      | Reached ****** piety under Jiyva
  6299 | D:9      | Identified the +3 scale mail of Grace {rC+ Dex+4}
  6336 | D:9      | Found a staircase to the Lair.
  6431 | D:9      | Reached skill level 10 in Dodging
  6630 | D:9      | Noticed a cyclops
  6641 | D:9      | Killed a cyclops
  7017 | D:10     | Entered Level 10 of the Dungeon
  7046 | D:10     | Noticed Sonja
  7074 | D:10     | Killed Sonja
  7075 | D:10     | Reached XP level 11. HP: 49/62 MP: 12/12
  7456 | D:10     | Lost mutation: You have a pair of small horns on your head.
                  | [Jiyva's grace]
  7456 | D:10     | Lost mutation: Your transparent skin significantly reduces
                  | your foes' accuracy. (Stealth+) [Jiyva's grace]
  7456 | D:10     | Gained mutation: Your transparent skin significantly
                  | reduces your foes' accuracy. (Stealth+) [Jiyva's grace]
  7456 | D:10     | Gained mutation: You are strong-willed. (Will+) [Jiyva's
                  | grace]
  7456 | D:10     | Gained mutation: You are highly strong-willed. (Will++)
                  | [Jiyva's grace]
  7456 | D:10     | Gained mutation: You are extremely strong-willed. (Will+++)
                  | [Jiyva's grace]
  7736 | D:11     | Noticed Maurice
  7736 | D:11     | Noticed a boulder beetle
  7751 | D:11     | Found a portal to a secret trove of treasure.
  7868 | D:11     | Noticed a boulder beetle
  7917 | D:11     | Killed a boulder beetle
  7955 | D:11     | Reached skill level 5 in Shapeshifting
  8093 | D:11     | Killed a boulder beetle
  8093 | D:11     | Killed Maurice
  8094 | D:11     | Reached skill level 10 in Fighting
  8257 | D:11     | Noticed a boulder beetle
  8316 | D:11     | Killed a boulder beetle
  8413 | D:11     | Noticed Nergalle
  9136 | D:11     | Killed Nergalle
  9209 | D:12     | Noticed a deep elf pyromancer
  9269 | Lair:1   | Entered Level 1 of the Lair of Beasts
  9533 | Lair:1   | Reached XP level 12. HP: 68/68 MP: 13/13
  9918 | Lair:1   | Noticed a death yak
 10291 | Lair:1   | Noticed a death yak
 10291 | Lair:1   | Noticed a death yak
 10317 | Lair:1   | Killed a death yak
 10336 | Lair:1   | Killed a death yak
 10337 | Lair:1   | Reached skill level 10 in Shapeshifting
 10353 | Lair:1   | Killed a death yak
 10354 | Lair:1   | Reached skill level 1 in Stealth
 10510 | Lair:2   | Noticed Amaemon
 10864 | D:12     | Found Hiam's Magic Scroll Boutique.
 10872 | D:12     | Bought a scroll of blinking for 105 gold pieces
 10872 | D:12     | Bought a scroll of teleportation for 42 gold pieces
 10872 | D:12     | Bought a scroll of teleportation for 42 gold pieces
 10930 | D:12     | Noticed a boulder beetle
 10955 | D:12     | Killed a boulder beetle
 11070 | D:12     | Lost mutation: You are extremely strong-willed. (Will+++)
                  | [Jiyva's grace]
 11070 | D:12     | Lost mutation: Your transparent skin significantly reduces
                  | your foes' accuracy. (Stealth+) [Jiyva's grace]
 11070 | D:12     | Lost mutation: You are covered in slimy tendrils that may
                  | disarm your opponents. [Jiyva's grace]
 11070 | D:12     | Gained mutation: You are partially covered in iridescent
                  | scales. (AC +2) [Jiyva's grace]
 11070 | D:12     | Gained mutation: You are mostly covered in iridescent
                  | scales. (AC +4) [Jiyva's grace]
 11070 | D:12     | Gained mutation: You are completely covered in iridescent
                  | scales. (AC +6) [Jiyva's grace]
 11070 | D:12     | Gained mutation: Your rubbery body absorbs attacks. (AC +1,
                  | EV +1) [Jiyva's grace]
 11186 | D:12     | Found a staircase to the Orcish Mines.
 11195 | Orc:1    | Entered Level 1 of the Orcish Mines
 11206 | Orc:1    | Noticed Josephine
 11296 | Orc:1    | Found Qaefreis's Self-Improvement Boutique.
 11460 | Orc:1    | Reached skill level 5 in Stealth
 11471 | Orc:1    | Found a frozen archway.
 11493 | IceCv    | Entered an ice cave
 11676 | IceCv    | Reached XP level 13. HP: 73/73 MP: 14/14
 11937 | IceCv    | Noticed a reaper
 12244 | IceCv    | Killed a reaper
 12559 | Orc:1    | Found Yxeteres's Book Shop.
 12694 | Orc:2    | Entered Level 2 of the Orcish Mines
 12733 | Orc:2    | Found Ziytearch's Distillery.
 12785 | Orc:2    | Bought a potion of heal wounds for 60 gold pieces
 12865 | Orc:2    | Found Miyfej's Magic Scroll Emporium.
 13048 | Orc:2    | Found a staircase to the Elven Halls.
 13091 | Orc:2    | Found Osouwumm's Firing Range.
 13342 | Orc:2    | Found Koriji's Magic Scroll Emporium.
 13347 | Orc:2    | Found Jes Juma's Armour Boutique.
 13352 | Orc:2    | Found Cuissif's Antique Armour Shoppe.
 13362 | Orc:2    | Bought a scroll of enchant armour for 90 gold pieces
 13742 | Orc:1    | Killed Josephine
 14019 | Lair:1   | Killed Amaemon
 14041 | Lair:2   | Found a staircase to the Swamp.
 14255 | Lair:2   | Reached XP level 14. HP: 79/79 MP: 15/15
 14377 | Lair:2   | Lost mutation: You are completely covered in iridescent
                  | scales. (AC +6) [Jiyva's grace]
 14377 | Lair:2   | Lost mutation: Your mind is acute. (Int +4, Str/Dex -1)
                  | [Jiyva's grace]
 14377 | Lair:2   | Lost mutation: You are highly strong-willed. (Will++)
                  | [Jiyva's grace]
 14377 | Lair:2   | Gained mutation: Your transparent skin significantly
                  | reduces your foes' accuracy. (Stealth+) [Jiyva's grace]
 14377 | Lair:2   | Gained mutation: Your pliable body absorbs attacks. (AC +2,
                  | EV +2) [Jiyva's grace]
 14377 | Lair:2   | Gained mutation: Your gelatinous body deflects attacks. (AC
                  | +3, EV +3) [Jiyva's grace]
 14377 | Lair:2   | Gained mutation: Your body has grown eyes which may confuse
                  | attackers. (Acc +3) [Jiyva's grace]
 14480 | Lair:2   | Noticed Gastronok
 14498 | Lair:2   | Killed Gastronok
 14597 | Lair:2   | Found a staircase to the Snake Pit.
 14664 | Lair:2   | Found a white marble altar of Elyvilon.
 14766 | Swamp:1  | Entered Level 1 of the Swamp
 15468 | Lair:3   | Reached skill level 10 in Stealth
 15509 | Lair:3   | Noticed Rupert
 15538 | Lair:3   | Found an iron altar of Okawaru.
 15876 | Lair:3   | Noticed Snorg
 15890 | Lair:3   | Killed Snorg
 16225 | Lair:3   | Killed Rupert
 16262 | Lair:4   | Found a staircase to the Slime Pits.
 16262 | Lair:4   | Found a viscous altar of Jiyva.
 16293 | Lair:4   | Lost mutation: You are mostly covered in iridescent scales.
                  | (AC +4) [Jiyva's grace]
 16293 | Lair:4   | Gained mutation: You have a pair of small horns on your
                  | head. [Jiyva's grace]
 16293 | Lair:4   | Gained mutation: You have a pair of horns on your head.
                  | [Jiyva's grace]
 16293 | Lair:4   | Gained mutation: You have a pair of large horns on your
                  | head. [Jiyva's grace]
 16293 | Lair:4   | Gained mutation: You have acidic saliva. [Jiyva's grace]
 17048 | Lair:5   | Entered Level 5 of the Lair of Beasts
 17072 | Lair:5   | Reached skill level 15 in Dodging
 17205 | Lair:5   | Reached XP level 15. HP: 84/84 MP: 16/16
 17343 | Lair:5   | Found a dark tunnel.
 17348 | Volcano  | Entered a volcano
 17385 | Volcano  | Found a radiant altar of Vehumet.
 17702 | Lair:5   | Identified the +4 hand axe "Uniuvos" {spect, rElec Will+}
 17710 | Lair:5   | Lost mutation: You have a pair of large horns on your head.
                  | [Jiyva's grace]
 17710 | Lair:5   | Lost mutation: You are strong-willed. (Will+) [Jiyva's
                  | grace]
 17710 | Lair:5   | Lost mutation: You have acidic saliva. [Jiyva's grace]
 17710 | Lair:5   | Lost mutation: Your transparent skin significantly reduces
                  | your foes' accuracy. (Stealth+) [Jiyva's grace]
 17710 | Lair:5   | Gained mutation: Armour fits poorly on your pseudopods.
                  | [Jiyva's grace]
 17710 | Lair:5   | Gained mutation: Armour fits poorly on your large
                  | pseudopods. [Jiyva's grace]
 17710 | Lair:5   | Gained mutation: Armour fits poorly on your massive
                  | pseudopods. [Jiyva's grace]
 17710 | Lair:5   | Gained mutation: Your spells are a little harder to cast,
                  | but a little more powerful. [Jiyva's grace]
 18933 | Swamp:1  | Reached skill level 10 in Long Blades
 18958 | Swamp:1  | Paralysed by a hornet for 3 turns
 19207 | Swamp:1  | Found a runed translucent gate.
 19209 | Swamp:1  | Found a runed translucent gate.
 19210 | Swamp:1  | Found a runed translucent gate.
 19215 | Swamp:1  | Noticed Pimul's ghost (adept GrBe)
 19215 | Swamp:1  | Noticed Anosu's ghost (adept FoFi)
 19696 | D:6      | Killed Crazy Yiuf
 19836 | D:8      | Killed Nedwor's ghost
 19900 | D:8      | Killed Zlot's ghost
 19906 | D:8      | Killed Zigma's ghost
 19987 | Temple   | Entered the Ecumenical Temple
 20058 | D:13     | Found a gate leading to a gauntlet.
 20102 | Gauntlet | Entered a Gauntlet
 20102 | Gauntlet | Found a transporter.
 20102 | Gauntlet | Found a transporter.
 20108 | Gauntlet | Found a transporter.
 20123 | Gauntlet | Found a transporter.
 20138 | Gauntlet | Found a transporter.
 20139 | Gauntlet | Found a transporter.
 20139 | Gauntlet | Found a transporter.
 20142 | Gauntlet | Found a transporter.
 20142 | Gauntlet | Found a transporter.
 20157 | Gauntlet | Found a transporter.
 20173 | Gauntlet | Found a transporter.
 20183 | Gauntlet | Found a transporter.
 20198 | Gauntlet | Found a transporter.
 20218 | Gauntlet | Found a transporter.
 20225 | Gauntlet | Lost mutation: Your spells are a little harder to cast, but
                  | a little more powerful. [Jiyva's grace]
 20225 | Gauntlet | Lost mutation: Your body has grown eyes which may confuse
                  | attackers. (Acc +3) [Jiyva's grace]
 20225 | Gauntlet | Lost mutation: Armour fits poorly on your massive
                  | pseudopods. [Jiyva's grace]
 20225 | Gauntlet | Gained mutation: You are mostly covered in iridescent
                  | scales. (AC +4) [Jiyva's grace]
 20225 | Gauntlet | Gained mutation: You are completely covered in iridescent
                  | scales. (AC +6) [Jiyva's grace]
 20225 | Gauntlet | Gained mutation: You have a small jelly attached to you
                  | that senses nearby items. [Jiyva's grace]
 20225 | Gauntlet | Gained mutation: You are covered in slimy tendrils that may
                  | disarm your opponents. [Jiyva's grace]
 20262 | Gauntlet | Identified the ring "Acolaumm" {Ice rN+}
 20300 | Gauntlet | Identified the -2 pair of gloves of Squeaky Contentment
                  | {rN+ Will+ SInv}
 21042 | D:13     | Identified the ring of Emuhee {Fire rPois Str-4 Dex+4 SInv}
 21050 | D:13     | Identified the ring "Utiypn" {rElec rF- rN+ AC+4 Dex+6}
 21090 | D:13     | Reached XP level 16. HP: 86/90 MP: 17/17
 21560 | D:14     | Found a gate to the Vaults.
 21894 | D:14     | Lost mutation: You are completely covered in iridescent
                  | scales. (AC +6) [Jiyva's grace]
 21894 | D:14     | Lost mutation: Armour fits poorly on your large pseudopods.
                  | [Jiyva's grace]
 21894 | D:14     | Lost mutation: Your translucent skin reduces your foes'
                  | accuracy. (Stealth+) [Jiyva's grace]
 21894 | D:14     | Gained mutation: Your body has grown eyes which may confuse
                  | attackers. (Acc +3) [Jiyva's grace]
 21894 | D:14     | Gained mutation: Your body has grown many eyes which may
                  | confuse attackers. (Acc +5) [Jiyva's grace]
 21894 | D:14     | Gained mutation: Your body is covered in eyes which may
                  | confuse attackers. (Acc +7, SInv) [Jiyva's grace]
 21894 | D:14     | Gained mutation: You have a small jelly attached to you
                  | that may absorb projectiles. [Jiyva's grace]
 22480 | D:15     | Entered Level 15 of the Dungeon
 22736 | D:15     | Found a broken altar of Ashenzari.
 22857 | D:15     | Reached skill level 10 in Shields
 22956 | D:15     | Found a staircase to the Depths.
 23714 | Swamp:2  | Lost mutation: You have a pair of horns on your head.
                  | [Jiyva's grace]
 23714 | Swamp:2  | Lost mutation: You are mostly covered in iridescent scales.
                  | (AC +4) [Jiyva's grace]
 23714 | Swamp:2  | Lost mutation: You are partially covered in iridescent
                  | scales. (AC +2) [Jiyva's grace]
 23714 | Swamp:2  | Lost mutation: Your body is covered in eyes which may
                  | confuse attackers. (Acc +7, SInv) [Jiyva's grace]
 23714 | Swamp:2  | Lost mutation: Your translucent skin slightly reduces your
                  | foes' accuracy. (Stealth+) [Jiyva's grace]
 23714 | Swamp:2  | Lost mutation: You are covered in slimy tendrils that may
                  | disarm your opponents. [Jiyva's grace]
 23714 | Swamp:2  | Gained mutation: You are robust. (+10% HP) [Jiyva's grace]
 23714 | Swamp:2  | Gained mutation: You are very robust. (+20% HP) [Jiyva's
                  | grace]
 23714 | Swamp:2  | Gained mutation: You are extremely robust. (+30% HP)
                  | [Jiyva's grace]
 23714 | Swamp:2  | Gained mutation: Armour fits poorly on your large
                  | pseudopods. [Jiyva's grace]
 24083 | Swamp:3  | Identified the +6 scale mail of Bad Feelings {Will+ Str+2
                  | Int+3}
 24212 | Swamp:3  | Identified the +4 ring mail "Tamp" {rF+ Regen+ Int+3}
 24216 | Swamp:3  | Reached skill level 15 in Stealth
 24312 | Swamp:3  | Reached skill level 15 in Shapeshifting
 24462 | Swamp:4  | Entered Level 4 of the Swamp
 24712 | Swamp:4  | Reached XP level 17. HP: 123/123 MP: 18/18
 24862 | Swamp:4  | Identified the +5 ring mail "Zici" {Rampage}
 25462 | Swamp:4  | Noticed a bone dragon
 25487 | Swamp:4  | Killed a bone dragon
 25538 | Swamp:4  | Got a decaying rune of Zot
 25721 | Snake:1  | Entered Level 1 of the Snake Pit
 26097 | Snake:1  | Lost mutation: You are extremely robust. (+30% HP) [Jiyva's
                  | grace]
 26097 | Snake:1  | Lost mutation: Your gelatinous body deflects attacks. (AC
                  | +3, EV +3) [Jiyva's grace]
 26097 | Snake:1  | Lost mutation: Your pliable body absorbs attacks. (AC +2,
                  | EV +2) [Jiyva's grace]
 26097 | Snake:1  | Lost mutation: You have a small jelly attached to you that
                  | senses nearby items. [Jiyva's grace]
 26097 | Snake:1  | Gained mutation: You have an increased reservoir of magic.
                  | (+10% MP) [Jiyva's grace]
 26097 | Snake:1  | Gained mutation: You have a considerably increased
                  | reservoir of magic. (+20% MP) [Jiyva's grace]
 26097 | Snake:1  | Gained mutation: You have a greatly increased reservoir of
                  | magic. (+30% MP) [Jiyva's grace]
 26097 | Snake:1  | Gained mutation: Your mind is acute. (Int +4, Str/Dex -1)
                  | [Jiyva's grace]
 26624 | Snake:2  | Noticed Vashnia
 26678 | Snake:2  | Killed Vashnia
 27029 | WizLab   | Identified the of Mugit
 27029 | WizLab   | Identified the "Kodif"
 27029 | Depths:2 | Identified the "Taheofim"
 27029 | Depths:2 | Identified the "Wiongi"
 27029 | Elf:3    | Identified the "Hafalynu"
 27029 | Elf:3    | Identified the "Wothan"
 27029 | Zot:1    | Identified the "Rikli"
 27029 | Slime:1  | Entered Level 1 of the Pits of Slime
 27036 | Slime:1  | Noticed an acid blob
 27042 | Slime:1  | Noticed an acid blob
 27088 | Slime:1  | Noticed an acid blob
 27398 | Slime:3  | Noticed an acid blob
 27414 | Slime:3  | Noticed an acid blob
 27455 | Slime:3  | Noticed an acid blob
 27619 | Slime:5  | Entered Level 5 of the Pits of Slime
 27629 | Slime:5  | Noticed an acid blob
 27665 | Slime:5  | Noticed the Royal Jelly
 27668 | Slime:5  | Found a viscous altar of Jiyva.
 27668 | Slime:5  | Noticed an acid blob
 27672 | Slime:5  | Noticed an acid blob
 27675 | Slime:5  | Noticed an acid blob
 27681 | Slime:5  | Got a slimy rune of Zot
 27682 | Slime:5  | Identified the +7 mace of Ylagig {drain, rPois}
 27699 | Slime:5  | Noticed an acid blob
 27806 | Slime:5  | Noticed an acid blob
 27808 | Slime:5  | Noticed an acid blob
 27809 | Slime:5  | Noticed an acid blob
 27810 | Slime:5  | Found the +1 robe of Vines {NoPotionHeal Regen++++}
 27816 | Slime:5  | Identified the staff of Wealth {rF- rN+ Will+ Fire Earth}
 27819 | Slime:5  | Identified the +10 morningstar "Spriggan's Regret" {heavy,
                  | Will+ MP+9 Str-4 Int+6}
 27820 | Slime:5  | Identified the +5 mace of Ascent {vamp, Fly}
 27839 | Slime:5  | Identified the +1 falchion of Diqaaf {antimagic, Str+4
                  | Int+4}
 27846 | Slime:5  | Identified the +11 sling of Lamy {heavy, Fly rN+ Str+2}
 28040 | Slime:4  | Noticed an acid blob
 28187 | Slime:2  | Noticed an acid blob
 28489 | Snake:2  | Noticed Mlioglotl
 28862 | Snake:2  | Killed Mlioglotl
 28886 | Snake:2  | Found Calil's Tiny Tomes.
 29386 | Snake:3  | Identified the +5 whip "Rupanai" {heavy, Str+2}
 29623 | Snake:3  | Lost mutation: You have a greatly increased reservoir of
                  | magic. (+30% MP) [Jiyva's grace]
 29623 | Snake:3  | Lost mutation: Your body has grown many eyes which may
                  | confuse attackers. (Acc +5) [Jiyva's grace]
 29623 | Snake:3  | Lost mutation: Armour fits poorly on your large pseudopods.
                  | [Jiyva's grace]
 29623 | Snake:3  | Lost mutation: Armour fits poorly on your pseudopods.
                  | [Jiyva's grace]
 29623 | Snake:3  | Gained mutation: Your translucent skin slightly reduces
                  | your foes' accuracy. (Stealth+) [Jiyva's grace]
 29623 | Snake:3  | Gained mutation: Your translucent skin reduces your foes'
                  | accuracy. (Stealth+) [Jiyva's grace]
 29623 | Snake:3  | Gained mutation: Your transparent skin significantly
                  | reduces your foes' accuracy. (Stealth+) [Jiyva's grace]
 29623 | Snake:3  | Gained mutation: Armour fits poorly on your pseudopods.
                  | [Jiyva's grace]
 29624 | Snake:3  | Noticed Aizul
 29651 | Snake:3  | Killed Aizul
 29903 | Snake:3  | Reached XP level 18. HP: 122/122 MP: 22/22
 29994 | Snake:3  | Found a runed translucent door.
 30158 | Snake:4  | Entered Level 4 of the Snake Pit
 30303 | Snake:4  | Noticed Mara
 30571 | Snake:4  | Noticed Nikola
 30702 | Snake:4  | Noticed BinkBink's illusion
 30897 | Snake:4  | Noticed BinkBink's illusion
 30899 | Snake:4  | Killed Mara
 30957 | Snake:4  | Killed Nikola
 31133 | Snake:4  | Got a serpentine rune of Zot
 31613 | Elf:1    | Entered Level 1 of the Elven Halls
 31655 | Elf:1    | Gained mutation: You are weak. (Str -2) [a neqoxec]
 31656 | Elf:1    | Gained mutation: You are vulnerable to heat. (rF-) [a
                  | neqoxec]
 31999 | Elf:1    | Found a runed translucent gate.
 31999 | Elf:1    | Found a runed translucent gate.
 31999 | Elf:1    | Found a runed translucent gate.
 32002 | Elf:1    | Noticed Loit's ghost (adept GrFi)
 32003 | Elf:1    | Identified the +1 robe "Eriacwuf" {Contam rCorr Dex+2}
 32004 | Elf:1    | Identified the +3 broad axe "Huenem" {holy, rF- Dex+6}
 32132 | Elf:1    | Noticed Donald
 32144 | Elf:1    | Killed Donald
 32146 | Elf:1    | Found Irghaoly's Armour Shoppe.
 32151 | Elf:1    | Bought a +2 buckler for 247 gold pieces
 32186 | Elf:1    | Noticed Jorgrun
 32250 | Elf:1    | Killed Jorgrun
 32320 | Elf:1    | Lost mutation: You have a pair of small horns on your head.
                  | [Jiyva's grace]
 32320 | Elf:1    | Lost mutation: You have a considerably increased reservoir
                  | of magic. (+20% MP) [Jiyva's grace]
 32320 | Elf:1    | Lost mutation: You have a small jelly attached to you that
                  | may absorb projectiles. [Jiyva's grace]
 32320 | Elf:1    | Lost mutation: You are vulnerable to heat. (rF-) [Jiyva's
                  | grace]
 32320 | Elf:1    | Gained mutation: Your pliable body absorbs attacks. (AC +2,
                  | EV +2) [Jiyva's grace]
 32320 | Elf:1    | Gained mutation: Your gelatinous body deflects attacks. (AC
                  | +3, EV +3) [Jiyva's grace]
 32320 | Elf:1    | Gained mutation: Your flesh is heat resistant. (rF+)
                  | [Jiyva's grace]
 32320 | Elf:1    | Gained mutation: Your flesh is very heat resistant. (rF++)
                  | [Jiyva's grace]
 32609 | Elf:1    | Found an iron altar of Okawaru.
 32840 | Elf:2    | Paralysed by an air elemental for 1 turns
 33012 | Elf:2    | Reached XP level 19. HP: 128/128 MP: 21/21
 33449 | Elf:2    | Found a huge runed translucent gate.
 33449 | Elf:2    | Found a huge runed translucent gate.
 33449 | Elf:2    | Found a huge runed translucent gate.
 33450 | Elf:2    | Found a huge runed translucent gate.
 33451 | Elf:2    | Found a huge runed translucent gate.
 33920 | Elf:3    | Entered Level 3 of the Elven Halls
 34715 | Elf:3    | Noticed a Tzitzimitl
 34930 | Elf:3    | Lost mutation: You are very robust. (+20% HP) [Jiyva's
                  | grace]
 34930 | Elf:3    | Lost mutation: You are weak. (Str -2) [Jiyva's grace]
 34930 | Elf:3    | Lost mutation: Your body has grown eyes which may confuse
                  | attackers. (Acc +3) [Jiyva's grace]
 34930 | Elf:3    | Lost mutation: Your gelatinous body deflects attacks. (AC
                  | +3, EV +3) [Jiyva's grace]
 34930 | Elf:3    | Lost mutation: Your transparent skin significantly reduces
                  | your foes' accuracy. (Stealth+) [Jiyva's grace]
 34930 | Elf:3    | Gained mutation: You have sharp toenails. [Jiyva's grace]
 34930 | Elf:3    | Gained mutation: You have razor-sharp toenails. [Jiyva's
                  | grace]
 34930 | Elf:3    | Gained mutation: You have claws for feet. [Jiyva's grace]
 34930 | Elf:3    | Gained mutation: You are partially covered in iridescent
                  | scales. (AC +2) [Jiyva's grace]
 34954 | Elf:3    | Noticed a Brimstone Fiend
 35006 | Elf:3    | Identified the ring "Fohaotud" {rF+ rN+ Slay+4 Stlth+}
 35007 | Elf:3    | Identified the +8 morningstar "View" {elec, Str-2 Int-3
                  | Dex+7}
 35007 | Elf:3    | Identified the ring of Qari {+Blink rC+ AC+4}
 35074 | Elf:3    | Reached skill level 5 in Unarmed Combat
 35079 | Elf:3    | Reached skill level 15 in Fighting
 35106 | Elf:3    | Identified the ring of Pride {rC+ rCorr Dex+6}
 35238 | Elf:3    | Identified the scarf of Let Cisi {repulsion, Rampage}
 35266 | Elf:3    | Identified the orb "Guuss" {light, rElec rC+ rN+ Str-4}
 35498 | Elf:3    | Identified the +5 scale mail "Disipsuz" {rElec rCorr MP+9}
 35718 | Vaults:1 | Entered Level 1 of the Vaults
 35765 | Vaults:1 | Reached XP level 20. HP: 120/124 MP: 23/23
 35804 | Vaults:1 | Found Fyskofox's Magic Scroll Shop.
 35812 | Vaults:1 | Bought a scroll of enchant weapon for 120 gold pieces
 36196 | Vaults:1 | Identified the +1 arbalest of Keloodua {heavy, Will+}
 36233 | Vaults:1 | HP: 4/124 [ironbound frostheart/creeping frost (10)]
 37052 | Vaults:2 | Found a staircase to the Crypt.
 37052 | Vaults:2 | Found a basalt altar of Yredelemnul.
 37052 | Vaults:2 | Found an ancient bone altar of Kikubaaqudgha.
 37321 | Vaults:2 | Lost mutation: You have claws for feet. [Jiyva's grace]
 37321 | Vaults:2 | Lost mutation: You have razor-sharp toenails. [Jiyva's
                  | grace]
 37321 | Vaults:2 | Lost mutation: Your pliable body absorbs attacks. (AC +2,
                  | EV +2) [Jiyva's grace]
 37321 | Vaults:2 | Gained mutation: You have very sharp teeth. [Jiyva's grace]
 37321 | Vaults:2 | Gained mutation: You have extremely sharp teeth. [Jiyva's
                  | grace]
 37321 | Vaults:2 | Gained mutation: You have razor-sharp teeth. [Jiyva's
                  | grace]
 37321 | Vaults:2 | Gained mutation: You passively map a small area around you.
                  | [Jiyva's grace]
 37778 | Vaults:2 | Noticed Saint Roka
 37799 | Vaults:2 | Killed Saint Roka
 38166 | Vaults:3 | You are sucked into a shaft and drop 1 floor!
 38619 | Vaults:3 | Reached XP level 21. HP: 129/129 MP: 24/24
 38925 | Vaults:3 | Found a magical portal.
 38934 | WizLab   | Entered The Roulette of Golubria
 38934 | WizLab   | Found a transporter.
 38939 | WizLab   | Lost mutation: You have razor-sharp teeth. [Jiyva's grace]
 38939 | WizLab   | Lost mutation: You have an increased reservoir of magic.
                  | (+10% MP) [Jiyva's grace]
 38939 | WizLab   | Lost mutation: You are robust. (+10% HP) [Jiyva's grace]
 38939 | WizLab   | Lost mutation: Your rubbery body absorbs attacks. (AC +1,
                  | EV +1) [Jiyva's grace]
 38939 | WizLab   | Gained mutation: Your melee attacks may engulf your foes in
                  | ooze. [Jiyva's grace]
 38939 | WizLab   | Gained mutation: You have acidic saliva. [Jiyva's grace]
 38939 | WizLab   | Gained mutation: Your muscles are strong. (Str +4, Int/Dex
                  | -1) [Jiyva's grace]
 38939 | WizLab   | Gained mutation: Your muscles are very strong. (Str +8,
                  | Int/Dex -2) [Jiyva's grace]
 38939 | WizLab   | Found a corrupted altar of Lugonu.
 38952 | WizLab   | Found a transporter.
 38974 | WizLab   | Found a transporter.
 39010 | WizLab   | Found a transporter.
 39033 | WizLab   | Found a transporter.
 39081 | WizLab   | Found a transporter.
 39087 | WizLab   | Found a transporter.
 39148 | WizLab   | Found a transporter.
 39197 | WizLab   | Found a transporter.
 39206 | WizLab   | Found a transporter.
 39242 | WizLab   | Found a transporter.
 39257 | WizLab   | Found a transporter.
 39289 | WizLab   | Found a corrupted altar of Lugonu.
 39290 | WizLab   | Found a transporter.
 39387 | WizLab   | Found a transporter.
 39387 | WizLab   | Found a transporter.
 39399 | WizLab   | Identified the +9 sling of the Butterfly {drain, Will+
                  | Str-3 Dex+3}
 39456 | WizLab   | Found a transporter.
 39456 | WizLab   | Found a transporter.
 39479 | WizLab   | Found a transporter.
 39479 | WizLab   | Found a transporter.
 39573 | WizLab   | Found a transporter.
 39610 | WizLab   | Identified the +0 cloak of the Morning Star {rPois Will-
                  | Dex+3}
 39618 | WizLab   | Identified the +1 cloak of Misanthropy {Harm Stlth+}
 39623 | WizLab   | Identified the +1 cloak "Pokien" {Drain rF+ rC++ Dex+2}
 39625 | WizLab   | Identified a scroll of acquirement
 39626 | WizLab   | Acquired the +3 demon blade of Capital Punishment {vamp,
                  | rPois Dex+3}
 40611 | Vaults:4 | Found Jehoudec's Jewellery Emporium.
 40768 | Vaults:4 | Found Jeqeop's Armour Shop.
 40938 | Vaults:4 | Lost mutation: You have sharp toenails. [Jiyva's grace]
 40938 | Vaults:4 | Lost mutation: Your flesh is very heat resistant. (rF++)
                  | [Jiyva's grace]
 40938 | Vaults:4 | Lost mutation: Your muscles are very strong. (Str +8,
                  | Int/Dex -2) [Jiyva's grace]
 40938 | Vaults:4 | Lost mutation: Armour fits poorly on your pseudopods.
                  | [Jiyva's grace]
 40938 | Vaults:4 | Lost mutation: Your translucent skin reduces your foes'
                  | accuracy. (Stealth+) [Jiyva's grace]
 40938 | Vaults:4 | Gained mutation: Your system is resistant to poisons.
                  | (rPois) [Jiyva's grace]
 40938 | Vaults:4 | Lost mutation: You have extremely sharp teeth. [Jiyva's
                  | grace]
 40938 | Vaults:4 | Lost mutation: You have very sharp teeth. [Jiyva's grace]
 40938 | Vaults:4 | Gained mutation: You have a beak for a mouth. [Jiyva's
                  | grace]
 40938 | Vaults:4 | Gained mutation: You expend magic power (3 MP) to
                  | strengthen your wands. [Jiyva's grace]
 40938 | Vaults:4 | Gained mutation: Your translucent skin reduces your foes'
                  | accuracy. (Stealth+) [Jiyva's grace]
 41089 | Vaults:4 | Found Qoisuen's Book Shop.
 41102 | Vaults:4 | Found Jite's Jewellery Shop.
 41140 | Vaults:4 | Found Okle's Weapon Boutique.
 41296 | Vaults:4 | Found Xiriaqy's Magic Scroll Emporium.
 41566 | Vaults:1 | Bought a scroll of blinking for 120 gold pieces
 41701 | Vaults:5 | Entered Level 5 of the Vaults
 41779 | Crypt:1  | Entered Level 1 of the Crypt
 42873 | Crypt:2  | Lost mutation: You passively map a small area around you.
                  | [Jiyva's grace]
 42873 | Crypt:2  | Lost mutation: You have acidic saliva. [Jiyva's grace]
 42873 | Crypt:2  | Lost mutation: Your translucent skin reduces your foes'
                  | accuracy. (Stealth+) [Jiyva's grace]
 42873 | Crypt:2  | Gained mutation: Your translucent skin reduces your foes'
                  | accuracy. (Stealth+) [Jiyva's grace]
 42873 | Crypt:2  | Gained mutation: Your transparent skin significantly
                  | reduces your foes' accuracy. (Stealth+) [Jiyva's grace]
 42873 | Crypt:2  | Gained mutation: Your rubbery body absorbs attacks. (AC +1,
                  | EV +1) [Jiyva's grace]
 42873 | Crypt:2  | Gained mutation: Your pliable body absorbs attacks. (AC +2,
                  | EV +2) [Jiyva's grace]
 42947 | Crypt:2  | Reached XP level 22. HP: 124/124 MP: 23/23
 43221 | Crypt:2  | Identified the +8 dagger of Pak Ameso {heavy, *Rage Will+
                  | Int+3 Stlth+}
 43464 | Crypt:3  | Entered Level 3 of the Crypt
 43842 | Crypt:3  | Noticed Grunn
 43845 | Crypt:3  | Noticed Vv
 44360 | Crypt:3  | Killed Grunn
 44392 | Crypt:3  | Found a staircase to the Tomb.
 45023 | Crypt:3  | Lost mutation: Your system is resistant to poisons. (rPois)
                  | [Jiyva's grace]
 45023 | Crypt:3  | Lost mutation: Your transparent skin significantly reduces
                  | your foes' accuracy. (Stealth+) [Jiyva's grace]
 45023 | Crypt:3  | Gained mutation: You have acidic saliva. [Jiyva's grace]
 45023 | Crypt:3  | Gained mutation: You possess an exceptional clarity of
                  | mind. [Jiyva's grace]
 45023 | Crypt:3  | Gained mutation: You are somewhat resistant to further
                  | mutation. [Jiyva's grace]
 45023 | Crypt:3  | Gained mutation: You are somewhat resistant to both further
                  | mutation and mutation removal. [Jiyva's grace]
 45253 | Crypt:3  | Noticed a dread lich
 45795 | Crypt:3  | Mangled by Vv

Illustrated notes

Levels and vault maps discovered:
D:1:      amcnicky_arrival_double_pillar, layout_basic,
          dilly_ecumenical_altar_fadedgnrine
D:2:      layout_rooms
D:3:      layout_basic, grunt_temple_overflow_lords_of_destruction, minivault_5,
          serial_bayou_lagoon_a
D:4:      layout_cave_pools, serial_shops, shop_statue, nicolae_shop_peninsula,
          minmay_ogre_servants, uniq_natasha
D:5:      minmay_clustersquares, layout_cave_pools,
          mainiacjoe_overflow_boulevard, nicolae_shop_vocational
D:6:      layout_basic, marbit_many_paths, nicolae_figureground_sparkle,
          uniq_jeremiah, uniq_crazy_yiuf_cottage
D:7:      layout_basic, mainiacjoe_overflow_concentric_impassable,
          mainiacjoe_overflow_small_starburst,
          worldfamousw_hep_ancestral_shrine, temple_doors_e, st_stairs_5
D:8:      wander_river, layout_basic, lemuel_round_altar,
          gammafunk_ghost_cemetery, minmay_tree_intersection
D:9:      layout_roguey, lair_entry_dummy, minivault_20
D:10:     layout_loops_ring, uniq_sonja
D:11:     layout_roguey, enter_trove_1, uniq_maurice, uniq_nergalle
D:12:     layout_cross, orc_0_dummy, serial_shops, shop_coins
D:13:     fort_yaktaur, layout_gridville, gauntlet_entry_generic
D:14:     layout_basic, hangedman_vaults_entry_quadrant_bands, serial_rivers,
          chequers_serial_rivers_small_3, chequers_serial_rivers_micro_a,
          chequers_serial_rivers_micro_b, chequers_serial_rivers_micro_e
D:15:     hangedman_depths_entry_civil_slaughter, layout_basic,
          nicolae_ashenzari_skybound
Temple:   nicolae_temple_bog_church
Lair:1:   layout_loops_ring, hibernation_bobbens
Lair:2:   layout_cave_shapes, swamp_mist_pool, nicolae_snake_entry_warm_welcome,
          basic_altar, uniq_gastronok, uniq_amaemon
Lair:3:   layout_concentric_octagons, basic_altar, uniq_rupert, uniq_snorg
Lair:4:   layout_gridlike, nicolae_slime_entry_slimehenge, dreamdust_wasp_nest,
          lemuel_fruit_tree
Lair:5:   hangedman_lair_in_review, layout_small_grid, enter_volcano_4,
          dreamdust_mushroom_princess, minivault_26
Swamp:1:  layout_basic_swamp, gammafunk_ghost_cemetery,
          evilmike_swamp_ruin_house_3, infiniplex_staircase_pool
Swamp:2:  layout_falls_marsh, serial_swamp_ruin, hangedman_swamp_ruin_hall,
          evilmike_swamp_ruin_house_5, evilmike_swamp_ruin_house_1, swamp_pool4,
          nicolae_swamp_big_swirl
Swamp:3:  layout_falls_marsh, nicolae_swamp_ascending_descending, swamp_pool1
Swamp:4:  swamp_pestilence, layout_basic_swamp
Snake:1:  layout_concentric_octagons
Snake:2:  layout_basic, nicolae_shop_i_like_small_books_too,
          nicolae_snake_shapes, serial_bayou_shore_b, serial_bayou_shore_a,
          uniq_vashnia, uniq_mlioglotl
Snake:3:  cheibrodos_toxic_ritual, layout_onion_interference,
          nicolae_triple_integral, uniq_aizul
Snake:4:  johnstein_snake_rune_scales, layout_rooms, uniq_nikola, uniq_mara
Slime:1:  layout_caves
Slime:2:  layout_caves
Slime:3:  layout_caves
Slime:4:  cheibrodos_slime_lost_civilization_9, layout_caves
Slime:5:  slime_pit_nicolae_trefoil
Orc:1:    layout_caves, serial_shops, nicolae_shop_window_shopping,
          portal_ice_cave_entry_imps, nicolae_shop_self_help, uniq_josephine
Orc:2:    st_orc_open, layout_diamond_mine, serial_shops,
          nicolae_shop_industrial_runoff, nicolae_shop_firing_range
Elf:1:    nicolae_elf_arrival_no_cutting_in_line, layout_geoelf_octagon,
          gammafunk_ghost_fury_of_okawaru, serial_shops, shop,
          hangedman_corner_corridor, palyth_stone_intersect, uniq_jorgrun,
          uniq_donald
Elf:2:    elven_hall_of_blades_hangedman_alternative
          [nicolae_blade_entry_sentries_behind_glass], layout_loops_ring,
          hangedman_elven_ridges, kennysheep_underground_church
Elf:3:    nooodl_elf_gasket, layout_loops_cross
Vaults:1: nicolae_vaults_little_squares_1, vaults_dpeg_hooks, v_misc_2,
          nicolae_vaults_theta, nicolae_vaults_inception_corners,
          nicolae_vaults_double_plus_1, st_spiral_rooms,
          nicolae_vaults_frosty_reception, nicolae_vaults_angled_halls,
          v_alt_pattern_5, layout_vaults_maze, serial_shops,
          nicolae_shop_behind_doors
Vaults:2: minmay_crypt_entry_necro_gods, v_misc_30, ontoclasm_vaults_gateway,
          grunt_vaults_hallway_long, nicolae_vaults_network_s,
          nicolae_vaults_alarming, ontoclasm_vaults_ring_square,
          nicolae_vaults_more_shelving_1, nicolae_vaults_storage_closets_1,
          vaults_room_fancy_cross, vaults_standard_mumra_enter_the_diamond,
          layout_vaults_big_room, uniq_saint_roka
Vaults:3: mu_enter_wizlab_6, ontoclasm_vaults_hangar,
          nicolae_vaults_network_square, v_misc_33, hangedman_vaults_nails,
          ontoclasm_vaults_ring_large, vaults_mumra_minichess, v_misc_23,
          nicolae_vaults_diamond_1, v_misc_10, ontoclasm_vaults_chip,
          layout_vaults_omnigrid
Vaults:4: nicolae_vaults_layer_cake_slice, nicolae_vaults_trapezoid_lopsided_3,
          ontoclasm_vaults_chip, st_octagons_1, vaults_room_stairs_pillars,
          nicolae_vaults_taking_the_gang_shopping, nicolae_vaults_sightless_eye,
          v_pattern_4, vaults_mumra_chevron, nicolae_vaults_closet_pinwheel_3,
          nicolae_vaults_cochlea, layout_vaults_omnibox, serial_shops, shop,
          shop, shop_statue, nicolae_shop_tiny_real_fake_doors,
          nicolae_shop_mannequins
Vaults:5: serial_shops
Crypt:1:  layout_basic
Crypt:2:  layout_misc_corridors, roderic_lattice_octagonal_star
Crypt:3:  due_elkab, layout_chaotic_city, uniq_grunn, uniq_vv

Skill      XL: |  1  2  3  4  5  6  7  8  9 10 11 12 13 14 15 16 17 18 19 20 21 22 |
---------------+-------------------------------------------------------------------+-----
Unarmed Combat | 2 3 5 6 8 |  8.9
Fighting       | 3 4 5 6 8 9 10 11 12 13 14 15 16 | 16.5
Long Blades    | 1 2 3 4 5 6 7 8 9 10 11 12 13 14 | 14.9
Dodging        | 5 6 8 9 10 11 12 13 15 16 17 18 19 20 21 22 | 22.3
Shields        | 3 4 5 6 7 8 9 10 11 12 13 | 13.6
Shapeshifting  | 4 6 10 11 13 14 15 16 17 18 19 | 19.0
Stealth        | 5 8 11 13 15 17 18 19 20 21 22 | 22.7

Action                     |  1- 3 |  4- 6 |  7- 9 | 10-12 | 13-15 | 16-18 | 19-21 | 22-24 || total
---------------------------+-------+-------+-------+-------+-------+-------+-------+-------++-------
  Melee: Unarmed           |   115 |       |       |       |       |       |       |       ||   115
         Long sword        |    58 |   118 |   304 |  1085 |  1452 |  1479 |  1149 |       ||  5645
         Headbutt          |       |    18 |    60 |   110 |   198 |   470 |       |       ||   856
         Maw               |       |       |       |   129 |   717 |   687 |   810 |   310 ||  2653
         Bite              |       |       |       |       |    47 |       |   241 |    19 ||   307
         Pseudopods        |       |       |       |       |   118 |   492 |   435 |       ||  1045
         Kick              |       |       |       |       |       |       |   553 |       ||   553
         Demon blade       |       |       |       |       |       |       |   612 |   603 ||  1215
         Peck              |       |       |       |       |       |       |   185 |   235 ||   420
  Evoke: Wand              |       |       |       |       |       |     1 |       |       ||     1
    Use: Scroll            |     4 |     4 |     2 |    15 |     5 |     7 |     6 |     3 ||    46
         Potion            |       |       |       |     2 |     3 |       |     4 |       ||     9
   Stab: Sleeping          |     2 |       |     1 |     6 |    18 |    48 |    51 |    22 ||   148
         Distracted        |       |       |       |     4 |     5 |    14 |    18 |    10 ||    51
         Confused          |       |       |       |       |    10 |    65 |     3 |       ||    78
         Petrified         |       |       |       |       |     1 |       |       |       ||     1
         Invisible         |       |       |       |       |       |       |     1 |       ||     1
         Paralysed         |       |       |       |       |       |       |     1 |       ||     1
 Armour: Robe              |    46 |    54 |   121 |   158 |       |       |    10 |       ||   389
         Skin              |       |       |       |    92 |   391 |   251 |   245 |    58 ||  1037
  Dodge: Dodged            |   148 |   121 |   291 |  1038 |  1553 |  1330 |  1419 |   396 ||  6296
         Repelled          |       |       |       |       |       |       |     1 |       ||     1
  Block: Buckler           |    45 |    33 |    82 |   578 |   971 |   910 |  1193 |   343 ||  4155
         Reflection        |       |       |       |     8 |    23 |    77 |    63 |     2 ||   173
   Form: Maw               |       |       |       |     1 |       |       |     1 |       ||     2
                           |       |       |       |       |       |       |     1 |       ||     1

Table legend: (Time is in decaauts)
 A = Elapsed time spent in this place.
 B = Non-inter-level travel time spent in this place.
 C = Inter-level travel time spent in this place.
 D = Time resting spent in this place.
 E = Time spent auto-exploring this place.
 F = Levels seen in this place.
 G = Mean time per level.
                   A        B        C        D        E       F      G
               +--------+--------+--------+--------+--------+-----+--------+
         Total |  32497 |  29876 |   2621 |   4136 |  14393 |  51 |  637.2 |
       Dungeon |   9883 |   9074 |    809 |   1694 |   4305 |  15 |  658.9 |
        Temple |      1 |      0 |      1 |      0 |      0 |   1 |    1.0 |
          Lair |   4783 |   4300 |    483 |    891 |   1776 |   5 |  956.6 |
         Swamp |   2186 |   2043 |    143 |    361 |    990 |   4 |  546.5 |
     Snake Pit |   2824 |   2489 |    335 |     83 |   1439 |   4 |  706.0 |
    Slime Pits |    822 |    746 |     76 |      0 |    721 |   5 |  164.4 |
  Orcish Mines |   1268 |   1045 |    223 |      4 |    376 |   2 |  634.0 |
   Elven Halls |   2755 |   2586 |    169 |    173 |   1262 |   3 |  918.3 |
        Vaults |   3421 |   3206 |    215 |    145 |   1896 |   5 |  684.2 |
         Crypt |   2673 |   2511 |    162 |    291 |   1228 |   3 |  891.0 |
      Ice Cave |    891 |    891 |      0 |    440 |     58 |   1 |  891.0 |
       Volcano |    141 |    141 |      0 |      0 |     30 |   1 |  141.0 |
        Wizlab |    585 |    585 |      0 |     43 |    215 |   1 |  585.0 |
      Gauntlet |    258 |    258 |      0 |      8 |     92 |   1 |  258.0 |
               +--------+--------+--------+--------+--------+-----+--------+

Top non-repeatable levels by time:
    D:11: 1460 daAuts
 Crypt:3: 1374 daAuts
  Lair:1: 1179 daAuts
  Lair:5: 1113 daAuts
     D:8: 1105 daAuts
   Elf:2: 1030 daAuts
  Lair:3: 995 daAuts
Vaults:3: 972 daAuts
Vaults:1: 957 daAuts
  Lair:2: 938 daAuts
   IceCv: 891 daAuts
   Elf:3: 883 daAuts
 Swamp:4: 860 daAuts
   Elf:1: 841 daAuts
 Snake:4: 787 daAuts
